Penguins vs Blues

Created - October 20 2010 at 17:28

Goals
1 2 3 OT1 T
Penguins 1 0 0 0 1
Blues 0 1 0 1 2
Shots
1 2 3 OT1 T
Penguins 13 4 10 0 27
Blues 7 9 13 3 32

Period #1

1. Penguins , Travis Moen 2 (Evgeni Malkin, Zach Bogosian) at 16:50

Penalties :
Brian Pothier (STL) for Hooking (Minor) at 1:54, Jay McKee (STL) for High sticking (Minor) at 2:09, Jay McKee (STL) for Hooking (Minor) at 6:08

Period #2

2. Blues , Scott Niedermayer 3 (Mike Comrie, Daymond Langkow) at 8:31 (PP)

Penalties :
Marian Hossa (PIT) for Hooking (Minor) at 1:30, Brooks Orpik (PIT) for Hooking (Minor) at 6:47, Brandon Dubinsky (PIT) for Hooking (Minor) at 14:04, Jordin Tootoo (STL) for Hooking (Minor) at 19:32

Period #3

No Goal

Penalties :
Evgeni Malkin (PIT) for Hooking (Minor) at 2:20, Brian Pothier (STL) for Hooking (Minor) at 8:29, Rob Blake (PIT) for High sticking (Minor) at 16:22, Pavel Kubina (PIT) for Hooking (Minor) at 19:54

Overtime #1

3. Blues , Kristian Huselius 2 (Jussi Jokinen) at 1:43 (PP)

Penalties :
No Penalty

Goalie Stats

Marc-Andre Fleury (PIT), 30 saves from 32 shots - (0.938), OTL, 1-1-2, 61:44 minutes
Jonathan Quick (STL), 26 saves from 27 shots - (0.963), W, 3-3-1, 61:44 minutes

Players Stats

Penguins
Player Name              G  A  P  +/- PIM S  H  SB FO    MP 
------------------------------------------------------------
Alex Goligoski           0  0  0   1  0   0  0  1  0/0   14 
Antti Miettinen          0  0  0   0  0   2  1  0  0/1   8  
Brad Richards            0  0  0   0  0   0  0  2  13/37 23 
Brandon Dubinsky         0  0  0   0  2   2  0  0  9/25  24 
Brooks Orpik             0  0  0   0  2   1  4  1  0/0   21 
Evgeni Malkin            0  1  1   1  2   3  3  0  0/0   22 
Joel Ward                0  0  0   0  0   2  0  0  0/0   17 
John Tavares             0  0  0   1  0   4  0  0  8/17  18 
John-Michael Liles       0  0  0   0  0   0  0  0  0/0   8  
Marian Hossa             0  0  0   0  2   4  2  1  1/7   22 
Mark Eaton               0  0  0   0  0   1  0  0  0/0   8  
Pavel Datsyuk            0  0  0   0  0   3  4  1  4/6   25 
Pavel Kubina             0  0  0   0  2   0  4  1  0/0   17 
Rob Blake                0  0  0   0  2   1  3  2  0/0   17 
Ruslan Fedotenko         0  0  0   0  0   0  1  0  0/0   4  
Sami Salo                0  0  0   0  0   1  0  1  0/0   21 
Travis Moen              1  0  1   1  0   1  0  0  0/2   8  
Zach Bogosian            0  1  1   1  0   2  0  4  0/0   17 
Blues
Player Name              G  A  P  +/- PIM S  H  SB FO    MP 
------------------------------------------------------------
Alexander Frolov         0  0  0   0  0   1  1  0  0/1   17 
Brad Lukowich            0  0  0  -1  0   1  1  0  0/0   11 
Brian Pothier            0  0  0   0  4   3  1  0  0/0   17 
Chris Kunitz             0  0  0   0  0   1  1  0  1/1   14 
Dan Sexton               0  0  0   0  0   0  0  0  0/1   12 
Daymond Langkow          0  1  1  -1  0   3  0  1  11/15 17 
Dennis Wideman           0  0  0  -1  0   1  3  1  0/0   26 
Jamie Langenbrunner      0  0  0   0  0   2  1  0  2/3   19 
Jay McKee                0  0  0   0  4   2  1  1  0/0   17 
Jordin Tootoo            0  0  0  -1  2   0  1  2  0/1   8  
Jussi Jokinen            0  1  1   0  0   5  0  0  17/25 16 
Kristian Huselius        1  0  1   0  0   2  0  0  2/2   21 
Matthew Lombardi         0  0  0   0  0   2  0  0  15/20 17 
Mike Comrie              0  1  1  -1  0   2  1  0  1/2   10 
Robyn Regehr             0  0  0   0  0   1  3  2  0/0   22 
Saku Koivu               0  0  0   0  0   3  0  0  11/23 16 
Scott Niedermayer        1  0  1   0  0   2  1  0  0/0   26 
Todd Bertuzzi            0  0  0   0  0   1  1  0  0/1   12 

3 Stars

1 - Jonathan Quick (STL)
2 - Travis Moen (PIT)
3 - Marc-Andre Fleury (PIT)

Power Play

Penguins - 0 on 5 Attempt(s) - 0.00%
Blues - 2 on 6 Attempt(s) - 33.33%

Penalty Kill

Penguins - 4 on 6 Attempt(s) - 66.67% - Score 0 goal in Penalty Kill
Blues - 5 on 5 Attempt(s) - 100.00% - Score 0 goal in Penalty Kill

Game Notes

Travis Moen is injured at 8:52 of 2nd period (Bruised Right Leg)

Finance

Level 1 -- Attendance: 6032 (92.80%) -- Ticket Income $452,400.00
Level 2 -- Attendance: 4631 (92.62%) -- Ticket Income $231,550.00
Level 3 -- Attendance: 3500 (100.00%) -- Ticket Income $105,000.00
Level 4 -- Attendance: 2516 (83.26%) -- Ticket Income $50,320.00
Luxury Box -- Attendance: 997 (99.70%) -- Ticket Income $149,550.00
Game was played at the Scottrade Center
Total Attendance: 17676 (92.92%)
Total Ticket Income: $1,038,951.00
Other Income: $204,498.90
Total Income: $1,243,450.00


Play by Play

Period #1

0:01 of 1st period - Matthew Lombardi wins face-off versus Brad Richards in neutral zone.
0:20 of 1st period - Shot by Evgeni Malkin.
0:20 of 1st period - Stopped by Jonathan Quick with a rebound.
0:25 of 1st period - Pavel Datsyuk is hit by Robyn Regehr and loses puck.
0:33 of 1st period - Icing by Robyn Regehr.
0:34 of 1st period - Matthew Lombardi wins face-off versus Brandon Dubinsky in Blues zone.
1:42 of 1st period - Evgeni Malkin is hit by Brian Pothier and loses puck.
1:54 of 1st period - Minor Penalty to Brian Pothier for Hooking.
1:55 of 1st period - Daymond Langkow wins face-off versus Marian Hossa in Blues zone.
2:09 of 1st period - Minor Penalty to Jay McKee for High sticking.
2:10 of 1st period - Saku Koivu wins face-off versus Brandon Dubinsky in Blues zone.
2:35 of 1st period - Shot by Sami Salo.
2:35 of 1st period - Shot Misses the Net.
2:37 of 1st period - Shot by Brooks Orpik.
2:37 of 1st period - Shot Blocked by Robyn Regehr.
3:11 of 1st period - Shot by Pavel Datsyuk.
3:11 of 1st period - Stopped by Jonathan Quick without a rebound.
3:12 of 1st period - Jamie Langenbrunner wins face-off versus Brandon Dubinsky in Blues zone.
3:37 of 1st period - Shot by Brooks Orpik.
3:37 of 1st period - Deflect By Antti Miettinen.
3:37 of 1st period - Stopped by Jonathan Quick without a rebound.
3:38 of 1st period - Brad Richards wins face-off versus Jamie Langenbrunner in Blues zone.
5:32 of 1st period - Shot by Dan Sexton.
5:32 of 1st period - Deflect By Todd Bertuzzi.
5:32 of 1st period - Stopped by Marc-Andre Fleury without a rebound.
5:33 of 1st period - Daymond Langkow wins face-off versus Brad Richards in Penguins zone.
5:42 of 1st period - John-Michael Liles is hit by Mike Comrie and loses puck.
5:53 of 1st period - Shot by Antti Miettinen.
5:53 of 1st period - Shot Blocked by Jordin Tootoo.
5:55 of 1st period - Shot by Mark Eaton.
5:55 of 1st period - Stopped by Jonathan Quick without a rebound.
5:56 of 1st period - Brandon Dubinsky wins face-off versus Dan Sexton in Blues zone.
6:08 of 1st period - Minor Penalty to Jay McKee for Hooking.
6:09 of 1st period - Saku Koivu wins face-off versus Brad Richards in Blues zone.
6:15 of 1st period - Icing by Rob Blake.
6:16 of 1st period - Kristian Huselius wins face-off versus Brad Richards in Penguins zone.
6:20 of 1st period - Icing by Brad Richards.
6:21 of 1st period - Brad Richards wins face-off versus Saku Koivu in Penguins zone.
6:21 of 1st period - Brad Richards is hit by Jamie Langenbrunner.
7:34 of 1st period - Icing by Travis Moen.
7:35 of 1st period - Daymond Langkow wins face-off versus Brandon Dubinsky in Penguins zone.
7:35 of 1st period - Daymond Langkow is hit by Pavel Kubina.
8:10 of 1st period - Icing by Travis Moen.
8:11 of 1st period - Brad Richards wins face-off versus Saku Koivu in Penguins zone.
9:40 of 1st period - Joel Ward is hit by Jordin Tootoo and loses puck.
10:53 of 1st period - Icing by Sami Salo.
10:54 of 1st period - Jussi Jokinen wins face-off versus Brandon Dubinsky in Penguins zone.
11:09 of 1st period - Shot by Jussi Jokinen.
11:09 of 1st period - Stopped by Marc-Andre Fleury without a rebound.
11:10 of 1st period - Jamie Langenbrunner wins face-off versus Brad Richards in Penguins zone.
11:18 of 1st period - Off-side.
11:19 of 1st period - Saku Koivu wins face-off versus John Tavares in neutral zone.
11:26 of 1st period - Shot by Dan Sexton.
11:26 of 1st period - Deflect By Saku Koivu.
11:26 of 1st period - Stopped by Marc-Andre Fleury without a rebound.
11:27 of 1st period - Jussi Jokinen wins face-off versus Brad Richards in Penguins zone.
11:37 of 1st period - Jamie Langenbrunner is hit by Pavel Kubina and loses puck.
11:45 of 1st period - Icing by Evgeni Malkin.
11:46 of 1st period - Matthew Lombardi wins face-off versus Brad Richards in Penguins zone.
12:08 of 1st period - Kristian Huselius is hit by Rob Blake and loses puck.
12:56 of 1st period - Shot by John Tavares.
12:56 of 1st period - Stopped by Jonathan Quick without a rebound.
12:57 of 1st period - Jussi Jokinen wins face-off versus Brad Richards in Blues zone.
13:12 of 1st period - Shot by Brad Richards.
13:12 of 1st period - Deflect By Evgeni Malkin.
13:12 of 1st period - Stopped by Jonathan Quick without a rebound.
13:13 of 1st period - Saku Koivu wins face-off versus John Tavares in Blues zone.
13:26 of 1st period - Shot by Dan Sexton.
13:26 of 1st period - Deflect By Saku Koivu.
13:26 of 1st period - Stopped by Marc-Andre Fleury with a rebound.
13:30 of 1st period - Shot by Scott Niedermayer.
13:30 of 1st period - Shot Misses the Net.
13:34 of 1st period - Shot by Saku Koivu.
13:34 of 1st period - Shot Misses the Net.
13:36 of 1st period - Shot by Dan Sexton.
13:36 of 1st period - Shot Blocked by Zach Bogosian.
13:38 of 1st period - Shot by Saku Koivu.
13:38 of 1st period - Shot Blocked by Marian Hossa.
13:42 of 1st period - Shot by Jay McKee.
13:42 of 1st period - Stopped by Marc-Andre Fleury without a rebound.
13:43 of 1st period - Brad Richards wins face-off versus Mike Comrie in Penguins zone.
14:45 of 1st period - Shot by Marian Hossa.
14:45 of 1st period - Stopped by Jonathan Quick without a rebound.
14:46 of 1st period - Saku Koivu wins face-off versus Brad Richards in Blues zone.
14:46 of 1st period - Scott Niedermayer is hit by Pavel Datsyuk and loses puck.
15:01 of 1st period - Scott Niedermayer is hit by Pavel Datsyuk and loses puck.
15:41 of 1st period - Robyn Regehr is hit by Pavel Datsyuk and loses puck.
15:45 of 1st period - Icing by Robyn Regehr.
15:46 of 1st period - Matthew Lombardi wins face-off versus Brandon Dubinsky in Blues zone.
15:46 of 1st period - Matthew Lombardi is hit by Marian Hossa.
16:04 of 1st period - Shot by Joel Ward.
16:04 of 1st period - Stopped by Jonathan Quick without a rebound.
16:05 of 1st period - John Tavares wins face-off versus Daymond Langkow in Blues zone.
16:11 of 1st period - Evgeni Malkin is hit by Dennis Wideman and loses puck.
16:16 of 1st period - Shot by Evgeni Malkin.
16:16 of 1st period - Deflect By Travis Moen.
16:16 of 1st period - Shot Blocked by Jordin Tootoo.
16:18 of 1st period - Shot by Travis Moen.
16:18 of 1st period - Deflect By John Tavares.
16:18 of 1st period - Stopped by Jonathan Quick with a rebound.
16:20 of 1st period - Shot by John Tavares.
16:20 of 1st period - Stopped by Jonathan Quick without a rebound.
16:21 of 1st period - Brandon Dubinsky wins face-off versus Jussi Jokinen in Blues zone.
16:34 of 1st period - Shot by Brandon Dubinsky.
16:34 of 1st period - Stopped by Jonathan Quick without a rebound.
16:35 of 1st period - John Tavares wins face-off versus Daymond Langkow in Blues zone.
16:50 of 1st period - Shot by Evgeni Malkin.
16:50 of 1st period - Deflect By Travis Moen.
16:50 of 1st period - Goal by Travis Moen - Penguins : 1 - Blues : 0.
16:51 of 1st period - Brandon Dubinsky wins face-off versus Saku Koivu in neutral zone.
17:10 of 1st period - Shot by Marian Hossa.
17:10 of 1st period - Stopped by Jonathan Quick with a rebound.
17:12 of 1st period - Shot by Brandon Dubinsky.
17:12 of 1st period - Deflect By Marian Hossa.
17:12 of 1st period - Shot Misses the Net.
17:14 of 1st period - Shot by Marian Hossa.
17:14 of 1st period - Shot Misses the Net.
17:16 of 1st period - Shot by Joel Ward.
17:16 of 1st period - Shot Misses the Net.
17:18 of 1st period - Shot by Brandon Dubinsky.
17:18 of 1st period - Shot Blocked by Jay McKee.
17:20 of 1st period - Shot by Brandon Dubinsky.
17:20 of 1st period - Shot Misses the Net.
17:31 of 1st period - Saku Koivu is hit by Pavel Kubina and loses puck.
17:37 of 1st period - Icing by Evgeni Malkin.
17:38 of 1st period - Matthew Lombardi wins face-off versus Brad Richards in Penguins zone.
17:41 of 1st period - Shot by Kristian Huselius.
17:41 of 1st period - Shot Misses the Net.
17:50 of 1st period - Icing by Rob Blake.
17:51 of 1st period - Brad Richards wins face-off versus Daymond Langkow in Penguins zone.
18:32 of 1st period - Icing by Alex Goligoski.
18:33 of 1st period - John Tavares wins face-off versus Jussi Jokinen in Penguins zone.
18:52 of 1st period - Shot by Jussi Jokinen.
18:52 of 1st period - Stopped by Marc-Andre Fleury with a rebound.
18:54 of 1st period - Shot by Brian Pothier.
18:54 of 1st period - Shot Misses the Net.
18:56 of 1st period - Shot by Brian Pothier.
18:56 of 1st period - Stopped by Marc-Andre Fleury without a rebound.
18:57 of 1st period - Brandon Dubinsky wins face-off versus Matthew Lombardi in Penguins zone.
19:05 of 1st period - Brandon Dubinsky is hit by Robyn Regehr and loses puck.

Period #2

0:01 of 2nd period - Brad Richards wins face-off versus Alexander Frolov in neutral zone.
1:20 of 2nd period - Chris Kunitz is hit by Brooks Orpik and loses puck.
1:30 of 2nd period - Minor Penalty to Marian Hossa for Hooking.
1:31 of 2nd period - Jussi Jokinen wins face-off versus Travis Moen in Penguins zone.
1:51 of 2nd period - Shot by Brian Pothier.
1:51 of 2nd period - Stopped by Marc-Andre Fleury without a rebound.
1:52 of 2nd period - Jussi Jokinen wins face-off versus Brandon Dubinsky in Penguins zone.
1:55 of 2nd period - Shot by Jay McKee.
1:55 of 2nd period - Stopped by Marc-Andre Fleury without a rebound.
1:56 of 2nd period - Brandon Dubinsky wins face-off versus Jussi Jokinen in Penguins zone.
3:30 of 2nd period - Icing by Daymond Langkow.
3:31 of 2nd period - Brad Richards wins face-off versus Saku Koivu in Blues zone.
3:53 of 2nd period - Shot by Saku Koivu.
3:53 of 2nd period - Stopped by Marc-Andre Fleury without a rebound.
3:54 of 2nd period - Mike Comrie wins face-off versus John Tavares in Penguins zone.
3:59 of 2nd period - Shot by Mike Comrie.
3:59 of 2nd period - Shot Blocked by Zach Bogosian.
4:08 of 2nd period - Marian Hossa is hit by Dennis Wideman and loses puck.
4:21 of 2nd period - Shot by John Tavares.
4:21 of 2nd period - Stopped by Jonathan Quick without a rebound.
4:22 of 2nd period - Chris Kunitz wins face-off versus Brad Richards in Blues zone.
4:47 of 2nd period - Brian Pothier is hit by Pavel Datsyuk and loses puck.
5:29 of 2nd period - Shot by Marian Hossa.
5:29 of 2nd period - Shot Misses the Net.
5:41 of 2nd period - Shot by Marian Hossa.
5:41 of 2nd period - Stopped by Jonathan Quick without a rebound.
5:42 of 2nd period - John Tavares wins face-off versus Matthew Lombardi in Blues zone.
6:13 of 2nd period - Shot by Kristian Huselius.
6:13 of 2nd period - Shot Blocked by Zach Bogosian.
6:34 of 2nd period - Icing by Sami Salo.
6:35 of 2nd period - Brandon Dubinsky wins face-off versus Todd Bertuzzi in Penguins zone.
6:47 of 2nd period - Minor Penalty to Brooks Orpik for Hooking.
6:48 of 2nd period - Matthew Lombardi wins face-off versus Brandon Dubinsky in Penguins zone.
7:39 of 2nd period - Shot by Jussi Jokinen.
7:39 of 2nd period - Shot Misses the Net.
7:57 of 2nd period - Icing by Robyn Regehr.
7:58 of 2nd period - Jussi Jokinen wins face-off versus Travis Moen in Blues zone.
8:19 of 2nd period - Shot by Scott Niedermayer.
8:19 of 2nd period - Shot Blocked by Rob Blake.
8:21 of 2nd period - Shot by Daymond Langkow.
8:21 of 2nd period - Shot Misses the Net.
8:23 of 2nd period - Shot by Scott Niedermayer.
8:23 of 2nd period - Shot Misses the Net.
8:25 of 2nd period - Shot by Scott Niedermayer.
8:25 of 2nd period - Shot Misses the Net.
8:27 of 2nd period - Shot by Mike Comrie.
8:27 of 2nd period - Shot Misses the Net.
8:29 of 2nd period - Shot by Scott Niedermayer.
8:29 of 2nd period - Shot Misses the Net.
8:31 of 2nd period - Shot by Scott Niedermayer.
8:31 of 2nd period - Goal by Scott Niedermayer - Penguins : 1 - Blues : 1.
8:32 of 2nd period - Brad Richards wins face-off versus Saku Koivu in neutral zone.
8:41 of 2nd period - Shot by Pavel Datsyuk.
8:41 of 2nd period - Stopped by Jonathan Quick without a rebound.
8:42 of 2nd period - John Tavares wins face-off versus Saku Koivu in Blues zone.
8:51 of 2nd period - Travis Moen is hit by Todd Bertuzzi and loses puck.
8:52 of 2nd period - Travis Moen from Penguins is injured at 8:52 of 2nd period (Bruised Right Leg).
8:53 of 2nd period - Brad Richards wins face-off versus Daymond Langkow in Penguins zone.
9:14 of 2nd period - Off-side.
9:15 of 2nd period - Saku Koivu wins face-off versus John Tavares in neutral zone.
9:15 of 2nd period - Dan Sexton is hit by Evgeni Malkin and loses puck.
10:37 of 2nd period - Shot by Alexander Frolov.
10:37 of 2nd period - Shot Misses the Net.
11:21 of 2nd period - Shot by Jamie Langenbrunner.
11:21 of 2nd period - Stopped by Marc-Andre Fleury with a rebound.
11:25 of 2nd period - Shot by Jussi Jokinen.
11:25 of 2nd period - Stopped by Marc-Andre Fleury without a rebound.
11:26 of 2nd period - Daymond Langkow wins face-off versus Brad Richards in Penguins zone.
11:50 of 2nd period - Shot by Daymond Langkow.
11:50 of 2nd period - Shot Blocked by Alex Goligoski.
11:52 of 2nd period - Shot by Brad Lukowich.
11:52 of 2nd period - Stopped by Marc-Andre Fleury without a rebound.
11:53 of 2nd period - Brandon Dubinsky wins face-off versus Saku Koivu in Penguins zone.
12:44 of 2nd period - Icing by Todd Bertuzzi.
12:45 of 2nd period - John Tavares wins face-off versus Saku Koivu in Blues zone.
12:46 of 2nd period - Shot by Pavel Datsyuk.
12:46 of 2nd period - Shot Misses the Net.
13:30 of 2nd period - Shot by Jussi Jokinen.
13:30 of 2nd period - Stopped by Marc-Andre Fleury with a rebound.
13:34 of 2nd period - Shot by Chris Kunitz.
13:34 of 2nd period - Stopped by Marc-Andre Fleury with a rebound.
14:04 of 2nd period - Minor Penalty to Brandon Dubinsky for Hooking.
14:05 of 2nd period - Matthew Lombardi wins face-off versus Brad Richards in Penguins zone.
15:10 of 2nd period - Off-side.
15:11 of 2nd period - Matthew Lombardi wins face-off versus Brad Richards in neutral zone.
16:02 of 2nd period - Joel Ward is hit by Chris Kunitz and loses puck.
17:34 of 2nd period - Shot by Pavel Datsyuk.
17:34 of 2nd period - Shot Misses the Net.
17:55 of 2nd period - Saku Koivu is hit by Brooks Orpik and loses puck.
18:16 of 2nd period - Shot by Marian Hossa.
18:16 of 2nd period - Shot Misses the Net.
18:18 of 2nd period - Shot by Sami Salo.
18:18 of 2nd period - Stopped by Jonathan Quick without a rebound.
18:19 of 2nd period - Matthew Lombardi wins face-off versus Brandon Dubinsky in Blues zone.
18:35 of 2nd period - Shot by Brandon Dubinsky.
18:35 of 2nd period - Shot Misses the Net.
18:40 of 2nd period - Icing by Robyn Regehr.
18:41 of 2nd period - Matthew Lombardi wins face-off versus John Tavares in Blues zone.
18:41 of 2nd period - Matthew Lombardi is hit by Evgeni Malkin.
18:49 of 2nd period - Shot by Kristian Huselius.
18:49 of 2nd period - Shot Misses the Net.
19:32 of 2nd period - Minor Penalty to Jordin Tootoo for Hooking.
19:33 of 2nd period - Jussi Jokinen wins face-off versus Brad Richards in Blues zone.
19:33 of 2nd period - Jussi Jokinen is hit by Ruslan Fedotenko.

Period #3

0:01 of 3rd period - Brad Richards wins face-off versus Saku Koivu in neutral zone.
0:10 of 3rd period - Shot by Pavel Datsyuk.
0:10 of 3rd period - Deflect By Marian Hossa.
0:10 of 3rd period - Stopped by Jonathan Quick without a rebound.
0:11 of 3rd period - Daymond Langkow wins face-off versus Brandon Dubinsky in Blues zone.
0:27 of 3rd period - Evgeni Malkin is hit by Jay McKee and loses puck.
0:32 of 3rd period - Shot by Evgeni Malkin.
0:32 of 3rd period - Shot Misses the Net.
0:36 of 3rd period - Shot by Evgeni Malkin.
0:36 of 3rd period - Shot Misses the Net.
0:40 of 3rd period - Shot by Evgeni Malkin.
0:40 of 3rd period - Shot Blocked by Dennis Wideman.
1:29 of 3rd period - Pavel Datsyuk is hit by Dennis Wideman and loses puck.
1:55 of 3rd period - Icing by Brian Pothier.
1:56 of 3rd period - Jussi Jokinen wins face-off versus Brad Richards in Blues zone.
2:20 of 3rd period - Minor Penalty to Evgeni Malkin for Hooking.
2:21 of 3rd period - Matthew Lombardi wins face-off versus Brad Richards in Penguins zone.
2:34 of 3rd period - Shot by Scott Niedermayer.
2:34 of 3rd period - Shot Blocked by Brad Richards.
2:36 of 3rd period - Shot by Scott Niedermayer.
2:36 of 3rd period - Shot Misses the Net.
2:38 of 3rd period - Shot by Scott Niedermayer.
2:38 of 3rd period - Stopped by Marc-Andre Fleury without a rebound.
2:39 of 3rd period - Jussi Jokinen wins face-off versus Brandon Dubinsky in Penguins zone.
2:55 of 3rd period - Icing by Robyn Regehr.
2:56 of 3rd period - Jussi Jokinen wins face-off versus Pavel Datsyuk in Blues zone.
3:04 of 3rd period - Robyn Regehr is hit by Brooks Orpik and loses puck.
3:18 of 3rd period - Kristian Huselius is hit by Brooks Orpik.
3:24 of 3rd period - Shot by Alexander Frolov.
3:24 of 3rd period - Stopped by Marc-Andre Fleury with a rebound.
3:45 of 3rd period - Icing by Scott Niedermayer.
3:46 of 3rd period - Kristian Huselius wins face-off versus Brandon Dubinsky in Blues zone.
3:46 of 3rd period - Kristian Huselius is hit by Marian Hossa.
3:53 of 3rd period - Dennis Wideman is hit by Rob Blake and loses puck.
4:03 of 3rd period - Icing by Kristian Huselius.
4:04 of 3rd period - Matthew Lombardi wins face-off versus Pavel Datsyuk in Blues zone.
4:08 of 3rd period - Off-side.
4:09 of 3rd period - Jussi Jokinen wins face-off versus Brandon Dubinsky in neutral zone.
4:12 of 3rd period - Shot by Robyn Regehr.
4:12 of 3rd period - Shot Misses the Net.
4:14 of 3rd period - Shot by Brian Pothier.
4:14 of 3rd period - Shot Blocked by Pavel Kubina.
4:18 of 3rd period - Shot by Jamie Langenbrunner.
4:18 of 3rd period - Stopped by Marc-Andre Fleury without a rebound.
4:19 of 3rd period - Jussi Jokinen wins face-off versus Marian Hossa in Penguins zone.
4:30 of 3rd period - Icing by Mike Comrie.
4:31 of 3rd period - Brad Richards wins face-off versus Jordin Tootoo in Blues zone.
4:44 of 3rd period - Shot by Evgeni Malkin.
4:44 of 3rd period - Shot Misses the Net.
4:46 of 3rd period - Shot by Pavel Datsyuk.
4:46 of 3rd period - Stopped by Jonathan Quick without a rebound.
4:47 of 3rd period - John Tavares wins face-off versus Saku Koivu in Blues zone.
4:47 of 3rd period - Marian Hossa is hit by Scott Niedermayer and loses puck.
6:09 of 3rd period - Shot by Pavel Datsyuk.
6:09 of 3rd period - Shot Misses the Net.
6:13 of 3rd period - Shot by Joel Ward.
6:13 of 3rd period - Stopped by Jonathan Quick without a rebound.
6:14 of 3rd period - Brad Richards wins face-off versus Jussi Jokinen in Blues zone.
6:14 of 3rd period - Pavel Datsyuk is hit by Robyn Regehr and loses puck.
6:18 of 3rd period - Icing by Robyn Regehr.
6:19 of 3rd period - Jussi Jokinen wins face-off versus Brad Richards in Blues zone.
7:24 of 3rd period - Shot by Evgeni Malkin.
7:24 of 3rd period - Shot Misses the Net.
7:26 of 3rd period - Shot by Zach Bogosian.
7:26 of 3rd period - Stopped by Jonathan Quick without a rebound.
7:27 of 3rd period - Brandon Dubinsky wins face-off versus Matthew Lombardi in Blues zone.
7:56 of 3rd period - Icing by Kristian Huselius.
7:57 of 3rd period - Matthew Lombardi wins face-off versus John Tavares in Blues zone.
8:26 of 3rd period - Shot by Marian Hossa.
8:26 of 3rd period - Shot Misses the Net.
8:28 of 3rd period - Shot by Zach Bogosian.
8:28 of 3rd period - Stopped by Jonathan Quick without a rebound.
8:29 of 3rd period - Brad Richards wins face-off versus Jussi Jokinen in Blues zone.
8:29 of 3rd period - Minor Penalty to Brian Pothier for Hooking.
8:30 of 3rd period - Brandon Dubinsky wins face-off versus Saku Koivu in Blues zone.
8:30 of 3rd period - Evgeni Malkin is hit by Brad Lukowich and loses puck.
8:49 of 3rd period - Shot by Brooks Orpik.
8:49 of 3rd period - Stopped by Jonathan Quick without a rebound.
8:50 of 3rd period - Saku Koivu wins face-off versus Brad Richards in Blues zone.
9:01 of 3rd period - Shot by Brandon Dubinsky.
9:01 of 3rd period - Shot Misses the Net.
9:03 of 3rd period - Shot by Brad Richards.
9:03 of 3rd period - Shot Misses the Net.
9:07 of 3rd period - Shot by Pavel Datsyuk.
9:07 of 3rd period - Shot Misses the Net.
9:11 of 3rd period - Shot by Pavel Datsyuk.
9:11 of 3rd period - Shot Misses the Net.
9:15 of 3rd period - Shot by Brandon Dubinsky.
9:15 of 3rd period - Stopped by Jonathan Quick without a rebound.
9:16 of 3rd period - Daymond Langkow wins face-off versus Brandon Dubinsky in Blues zone.
9:22 of 3rd period - Icing by Brandon Dubinsky.
9:23 of 3rd period - Daymond Langkow wins face-off versus John Tavares in Penguins zone.
9:36 of 3rd period - Shot by Evgeni Malkin.
9:36 of 3rd period - Stopped by Jonathan Quick without a rebound.
9:37 of 3rd period - Daymond Langkow wins face-off versus Brad Richards in Blues zone.
9:51 of 3rd period - Icing by Pavel Kubina.
9:52 of 3rd period - Saku Koivu wins face-off versus Brad Richards in Penguins zone.
9:53 of 3rd period - Shot by Jamie Langenbrunner.
9:53 of 3rd period - Shot Misses the Net.
10:07 of 3rd period - Shot by Pavel Datsyuk.
10:07 of 3rd period - Shot Blocked by Robyn Regehr.
10:09 of 3rd period - Shot by Rob Blake.
10:09 of 3rd period - Stopped by Jonathan Quick without a rebound.
10:10 of 3rd period - Daymond Langkow wins face-off versus Brandon Dubinsky in Blues zone.
10:39 of 3rd period - Shot by Jussi Jokinen.
10:39 of 3rd period - Shot Misses the Net.
10:41 of 3rd period - Shot by Brian Pothier.
10:41 of 3rd period - Shot Misses the Net.
11:17 of 3rd period - Jamie Langenbrunner is hit by Evgeni Malkin and loses puck.
12:00 of 3rd period - Shot by Antti Miettinen.
12:00 of 3rd period - Stopped by Jonathan Quick without a rebound.
12:01 of 3rd period - Saku Koivu wins face-off versus Antti Miettinen in Blues zone.
12:54 of 3rd period - Shot by Marian Hossa.
12:54 of 3rd period - Shot Misses the Net.
13:51 of 3rd period - Shot by Daymond Langkow.
13:51 of 3rd period - Stopped by Marc-Andre Fleury without a rebound.
13:52 of 3rd period - Saku Koivu wins face-off versus Brad Richards in Penguins zone.
14:20 of 3rd period - Icing by Scott Niedermayer.
14:21 of 3rd period - Saku Koivu wins face-off versus John Tavares in Blues zone.
14:21 of 3rd period - Saku Koivu is hit by Antti Miettinen.
14:36 of 3rd period - Icing by Antti Miettinen.
14:37 of 3rd period - Matthew Lombardi wins face-off versus John Tavares in Penguins zone.
14:40 of 3rd period - Shot by Kristian Huselius.
14:40 of 3rd period - Shot Blocked by Zach Bogosian.
14:44 of 3rd period - Shot by Matthew Lombardi.
14:44 of 3rd period - Stopped by Marc-Andre Fleury with a rebound.
14:48 of 3rd period - Shot by Kristian Huselius.
14:48 of 3rd period - Stopped by Marc-Andre Fleury without a rebound.
14:49 of 3rd period - Daymond Langkow wins face-off versus Brandon Dubinsky in Penguins zone.
15:04 of 3rd period - Shot by Mike Comrie.
15:04 of 3rd period - Shot Misses the Net.
15:08 of 3rd period - Shot by Jordin Tootoo.
15:08 of 3rd period - Shot Misses the Net.
15:10 of 3rd period - Shot by Dennis Wideman.
15:10 of 3rd period - Stopped by Marc-Andre Fleury without a rebound.
15:11 of 3rd period - Jussi Jokinen wins face-off versus Brad Richards in Penguins zone.
15:53 of 3rd period - Icing by Rob Blake.
15:54 of 3rd period - Matthew Lombardi wins face-off versus Brad Richards in Penguins zone.
15:58 of 3rd period - Alexander Frolov is hit by Pavel Kubina and loses puck.
16:11 of 3rd period - Shot by Matthew Lombardi.
16:11 of 3rd period - Shot Blocked by Pavel Datsyuk.
16:13 of 3rd period - Shot by Dennis Wideman.
16:13 of 3rd period - Shot Misses the Net.
16:22 of 3rd period - Minor Penalty to Rob Blake for High sticking.
16:23 of 3rd period - Jussi Jokinen wins face-off versus Marian Hossa in Penguins zone.
16:30 of 3rd period - Shot by Jussi Jokinen.
16:30 of 3rd period - Stopped by Marc-Andre Fleury without a rebound.
16:31 of 3rd period - Marian Hossa wins face-off versus Jussi Jokinen in Penguins zone.
18:14 of 3rd period - Shot by Jussi Jokinen.
18:14 of 3rd period - Deflect By Jamie Langenbrunner.
18:14 of 3rd period - Shot Blocked by Brooks Orpik.
18:16 of 3rd period - Shot by Chris Kunitz.
18:16 of 3rd period - Shot Misses the Net.
18:18 of 3rd period - Shot by Robyn Regehr.
18:18 of 3rd period - Stopped by Marc-Andre Fleury without a rebound.
18:19 of 3rd period - Pavel Datsyuk wins face-off versus Matthew Lombardi in Penguins zone.
18:36 of 3rd period - Pavel Kubina is hit by Alexander Frolov and loses puck.
18:47 of 3rd period - Shot by Daymond Langkow.
18:47 of 3rd period - Stopped by Marc-Andre Fleury with a rebound.
18:49 of 3rd period - Shot by Mike Comrie.
18:49 of 3rd period - Stopped by Marc-Andre Fleury without a rebound.
18:50 of 3rd period - Jussi Jokinen wins face-off versus Marian Hossa in Penguins zone.
19:01 of 3rd period - Shot by Evgeni Malkin.
19:01 of 3rd period - Shot Blocked by Daymond Langkow.
19:11 of 3rd period - Shot by Jamie Langenbrunner.
19:11 of 3rd period - Shot Misses the Net.
19:13 of 3rd period - Shot by Mike Comrie.
19:13 of 3rd period - Stopped by Marc-Andre Fleury with a rebound.
19:17 of 3rd period - Shot by Daymond Langkow.
19:17 of 3rd period - Stopped by Marc-Andre Fleury without a rebound.
19:18 of 3rd period - John Tavares wins face-off versus Saku Koivu in Penguins zone.
19:34 of 3rd period - Saku Koivu is hit by Rob Blake and loses puck.
19:43 of 3rd period - Shot by Saku Koivu.
19:43 of 3rd period - Deflect By Kristian Huselius.
19:43 of 3rd period - Shot Blocked by Rob Blake.
19:54 of 3rd period - Minor Penalty to Pavel Kubina for Hooking.
19:55 of 3rd period - Daymond Langkow wins face-off versus Marian Hossa in Penguins zone.

Overtime #1

0:01 of 1st overtime period - Pavel Datsyuk wins face-off versus Jussi Jokinen in neutral zone.
0:07 of 1st overtime period - Icing by Jussi Jokinen.
0:08 of 1st overtime period - Pavel Datsyuk wins face-off versus Jussi Jokinen in Blues zone.
1:15 of 1st overtime period - Shot by Matthew Lombardi.
1:15 of 1st overtime period - Shot Blocked by Sami Salo.
1:17 of 1st overtime period - Shot by Matthew Lombardi.
1:17 of 1st overtime period - Stopped by Marc-Andre Fleury without a rebound.
1:18 of 1st overtime period - Pavel Datsyuk wins face-off versus Matthew Lombardi in Penguins zone.
1:31 of 1st overtime period - Shot by Jamie Langenbrunner.
1:31 of 1st overtime period - Shot Blocked by Brad Richards.
1:33 of 1st overtime period - Shot by Robyn Regehr.
1:33 of 1st overtime period - Shot Misses the Net.
1:35 of 1st overtime period - Shot by Brian Pothier.
1:35 of 1st overtime period - Stopped by Marc-Andre Fleury without a rebound.
1:36 of 1st overtime period - Jussi Jokinen wins face-off versus Marian Hossa in Penguins zone.
1:43 of 1st overtime period - Shot by Kristian Huselius.
1:43 of 1st overtime period - Goal by Kristian Huselius - Penguins : 1 - Blues : 2.


Output by the SimonT Hockey Simulator (STHS) for Stephane Roy -- Original Page W3C XHTML 1.0 Valid